 Dungeon Crawl Stone Soup version 0.21-a0-426-g98080a9 (webtiles) character file.

16529 namelastname112 the Zephyrmancer (level 12, -1/71 HPs)
             Began as a Tengu Air Elementalist on Nov 6, 2017.
             Was an Elder of Dithmenos.
             Slain by a crocodile (9 damage)
             ... on level 1 of the Lair of Beasts.
             The game lasted 00:30:51 (18119 turns).

namelastname112 the Zephyrmancer (TeAE)            Turns: 18119, Time: 00:30:52

Health: -1/71      AC:  8    Str:  7    XL:     12   Next: 38%
Magic:  6/26       EV: 19    Int: 22    God:    Dithmenos [****..]
Gold:   612        SH:  0    Dex: 15    Spells: 17/30 levels left

rFire    . . .     SeeInvis +   F - staff of poison
rCold    + . .     Gourm    .   (no shield)
rNeg     . . .     Faith    .   H - +2 leather armour {rC+}
rPois    +         Spirit   .   r - +2 hat
rElec    .         Reflect  .   (no cloak)
rCorr    .         Harm     .   O - +0 pair of gloves
MR       .....     Clarity  +   (boots unavailable)
Stlth    ++++......             (no amulet)
HPRegen  0.21/turn              P - ring of see invisible
MPRegen  0.20/turn              l - ring of stealth

@: lethally poisoned (-1 -> -3), flying quickly and evasively, wreathed by
umbra, quick
A: beak, talons 3, clarity, clever 1, weak 1, able to fly 1
a: Shadow Step, Renounce Religion


You were on level 1 of the Lair of Beasts.
You worshipped Dithmenos.
Dithmenos was greatly pleased with you.
You were not hungry.

You visited 3 branches of the dungeon, and saw 15 of its levels.

You collected 917 gold pieces.
You spent 305 gold pieces at shops.

Inventory:

Armour
 r - a +2 hat (worn)
 u - a +0 buckler
 H - a +2 leather armour of cold resistance (worn)
 O - a +0 pair of gloves (worn)
Magical Staves
 F - an uncursed staff of poison (weapon)
Jewellery
 l - a ring of stealth (right hand)
 P - a ring of see invisible (left hand)
Wands
 x - a wand of iceblast (4/15)
 C - a wand of iceblast (7/15)
 I - a wand of acid (7/15)
 J - a wand of confusion (33/48)
 L - a wand of iceblast (10/15)
Scrolls
 g - 3 scrolls of fear
 i - 3 scrolls of identify
 o - a scroll of teleportation
 t - 2 scrolls of amnesia
 B - 2 scrolls of recharging
 D - 2 scrolls of enchant armour
 E - 4 scrolls of remove curse
Potions
 d - a potion of lignification
 e - a potion of magic
 f - 2 potions of cancellation
 j - 2 potions of invisibility
 k - 5 potions of heal wounds
 m - a potion of berserk rage
 n - 2 potions of resistance
 p - a potion of agility
 q - a potion of haste
 v - a potion of flight
 w - a potion of might
 z - 2 potions of ambrosia
 N - 2 potions of curing
Books
 b - a book of Air

   Spells                             Type                      Level
   a - Shock                          Conjuration/Air              1
   b - Swiftness                      Charms/Air                   2
   c - Static Discharge               Conjuration/Air              3
   d - Airstrike                      Air                          4
   e - Lightning Bolt                 Conjuration/Air              5
 s - a book of Cantrips

   Spells                             Type                      Level
   a - Confusing Touch                Hexes                        1
   b - Animate Skeleton               Necromancy                   1
   c - Summon Small Mammal            Summoning                    1
   d - Apportation                    Translocation                1
 y - a book of Necromancy

   Spells                             Type                      Level
   a - Pain                           Necromancy                   1
   b - Animate Skeleton               Necromancy                   1
   c - Vampiric Draining              Necromancy                   3
   d - Regeneration                   Charms/Necromancy            3
   e - Animate Dead                   Necromancy                   4
   f - Control Undead                 Necromancy                   4
Miscellaneous
 G - a lightning rod (inert)
 M - a phantom mirror
Comestibles
 a - 4 royal jellies
 c - 8 bread rations
 h - 17 fruits


   Skills:
 + Level 6.8 Fighting
 + Level 7.9 Dodging
 - Level 2.0 Stealth
 + Level 9.5 Spellcasting
 + Level 12.7 Conjurations
 + Level 13.2 Air Magic


You had 17 spell levels left.
You knew the following spells:

 Your Spells              Type           Power        Failure   Level  Hunger
c - Airstrike             Air            ######....   1%          4    ##.....
s - Lightning Bolt        Conj/Air       ######....   1%          5    ####...
x - Static Discharge      Conj/Air       ######..     1%          3    None
z - Shock                 Conj/Air       ####         1%          1    None


Dungeon Overview and Level Annotations

Branches:
Dungeon (13/15)            Temple (1/1) D:6            Lair (1/6) D:8
    Orc (0/2) D:12
 Vaults: D:13-14

Altars:
Ashenzari
Cheibriados
Dithmenos
Elyvilon
Fedhas
Gozag
Hepliaklqana
Kikubaaqudgha
Makhleb
Nemelex Xobeh
Okawaru
Qazlal
Ru
Sif Muna
Trog
Uskayaw
Vehumet
Wu Jian
Xom
Yredelemnul
Zin
The Shining One
Beogh
Lugonu

Shops:
D:5 *   D:8 }   D:11 [   D:12 !

Portals:
Trove: D:10 (give +3 gold dragon scales)
Ice
Cave: Lair:1

Annotations:
D:13 Rupert


Innate Abilities, Weirdness & Mutations

You have a beak for a mouth.
You have claws for feet.
You can fly.
You possess an exceptional clarity of mind.
Your mind is acute. (Int +2)
You are weak. (Str -2)


Message History

Aiming: Shock
Press: ? - help, Shift-Dir - straight line The zap hits the crocodile.
The crocodile is heavily wounded.
The zap hits the crocodile.
The crocodile is severely wounded.
You feel sick. The killer bee misses you. The killer bee barely misses you.
The crocodile bites you!
* * * LOW HITPOINT WARNING * * *
You take 10 damage, and have 14/71 hp.
Casting: Shock
Confirm with . or Enter, or press ? or * to list all spells.
Aiming: Shock
Press: ? - help, Shift-Dir - straight line The zap misses the crocodile. x2; The killer bee stings you.
* * * LOW HITPOINT WARNING * * *
The killer bee stings you.
* * * LOW HITPOINT WARNING * * *
The crocodile bites you!
You die...

.♣,,**,**,,,,,**,,,,,,,,,,,*,,*≈,
*******,*..,,,,...h...,,,,,,,,,,≈
♣♣♣♣♣♣*,*.*,*,,......#,,,,,,,,,,,
♣.♣..♣♣....,#,,.y5...*,,,*,,,,,,,
♣...#.♣.#.#.#.##5y55**,*,*,,,,,,,
#.....#.#.#.#.##555,**,*,,,,,**,*
....#..........#y5*,,,,,,*,*,**,*
..#.#.#...#.#.##y#*,,,,*,,,,,*,,*
......#...#.#.##@#*,,,,*,*,*,**,*
..#.#.#.#.#.y..#t#*,,,.*,,,*,,,,*
..#.....#.#.#..#†##....,,*,,,*,,*
.............y..........,,,,,,,,*
..###################.##*****,***
.## *** *** ..* .#* ,*


You could see a crocodile, a wolf (wandering), 4 killer bees and 8 white imps.

Vanquished Creatures
  The ghost of Qupu the Spear-Bearer, a novice MiFi (D:10)
  2 two-headed ogres
  The ghost of anet the Poker, a novice MfWn of Ashenzari (D:7)
  An unseen horror (D:12)
  A manticore (D:12)
  2 slime creatures (D:12)
  4 ugly things
  A cyclops (D:12)
  A centaur skeleton (D:12)
  A gargoyle (D:11)
  A komodo dragon (D:12)
  A troll (D:12)
  A meliai (D:13)
  A hippogriff (D:12)
  A shadow (D:13)
  A vampire (D:12)
  6 yaks (D:9)
  A human (D:13)
  A hog (D:13)
  2 vampire mosquitoes (D:13)
  3 hungry ghosts
  Menkaure (D:7)
  A soldier ant (D:12)
  A black bear (D:6)
  10 orc warriors
  2 sky beasts
  2 phantoms (D:8)
  6 ogres
  3 ice beasts
  5 centaurs
  A big kobold (D:12)
  6 bullfrogs
  A gnoll sergeant (D:5)
  2 scorpions
  31 killer bees
  11 wights
  3 howler monkeys
  6 crimson imps
  2 bullfrog zombies
  4 hounds
  5 orc wizards
  12 orc priests
  5 jellies
  2 bullfrog skeletons
  2 iguanas
  8 worker ants
  A killer bee zombie (D:7)
  2 hound zombies
  10 gnolls
  A howler monkey skeleton (D:5)
  A worker ant zombie (D:4)
  17 adders
  6 shadow imps
  3 oozes
  An adder skeleton (D:9)
  2 adder zombies (D:4)
  2 worms
  4 dart slugs
  5 leopard geckos
  66 orcs
  9 bats
  6 giant cockroaches
  12 goblins
  6 hobgoblins
  10 jackals
  4 quokkas
  A ball python (D:2)
  A ball python zombie (D:4)
  6 frilled lizards
  A jackal zombie (D:4)
  11 kobolds
  A leopard gecko zombie (D:4)
  A quokka zombie (D:4)
  8 rats
364 creatures vanquished.

Notes
Turn   | Place    | Note
-------+----------+-------------------------------------------
     0 | D:1      | namelastname112 the Tengu Air Elementalist began the quest for the Orb.
     0 | D:1      | Reached XP level 1. HP: 10/10 MP: 4/4
   214 | D:1      | Reached XP level 2. HP: 15/15 MP: 4/6
   518 | D:1      | Reached XP level 3. HP: 13/19 MP: 0/7
  1183 | D:2      | Reached XP level 4. HP: 18/24 MP: 4/9
  1387 | D:2      | Learned a level 3 spell: Static Discharge
  1472 | D:2      | Reached skill level 5 in Air Magic
  1488 | D:2      | Found a hazy altar of Hepliaklqana.
  1949 | D:2      | Gained mutation: You can fly. [Tengu growth]
  1949 | D:2      | Reached XP level 5. HP: 28/28 MP: 2/10
  3336 | D:4      | Reached skill level 6 in Air Magic
  3336 | D:4      | Reached XP level 6. HP: 29/32 MP: 8/12
  3407 | D:4      | Found a deep blue altar of Sif Muna.
  3407 | D:4      | Found a basalt altar of Yredelemnul.
  3417 | D:4      | Found a blossoming altar of Fedhas.
  3417 | D:4      | Found an ancient bone altar of Kikubaaqudgha.
  3502 | D:4      | Found a radiant altar of Vehumet.
  3502 | D:4      | Found an ornate altar of the Wu Jian Council.
  3503 | D:4      | Found an opulent altar of Gozag.
  3616 | D:4      | Found a shattered altar of Ashenzari.
  3849 | D:4      | Reached skill level 5 in Conjurations
  4141 | D:4      | Learned a level 4 spell: Airstrike
  4160 | D:4      | Reached XP level 7. HP: 28/36 MP: 5/14
  4343 | D:4      | Reached skill level 7 in Air Magic
  4600 | D:5      | Entered Level 5 of the Dungeon
  4715 | D:5      | Found an iron altar of Okawaru.
  4843 | D:5      | Found Qotisit's Assorted Antiques.
  5057 | D:5      | Bought an encrusted brass ring for 155 gold pieces
  5454 | D:5      | You fall through a shaft!
  5454 | D:6      | Found a staircase to the Ecumenical Temple.
  5463 | Temple   | Entered the Ecumenical Temple
  5839 | D:5      | Gained mutation: Your mind is acute. (Int +2) [potion of mutation]
  5839 | D:5      | Gained mutation: You are weak. (Str -2) [potion of mutation]
  5839 | D:5      | Gained mutation: You possess an exceptional clarity of mind. [potion of mutation]
  5949 | D:6      | Reached skill level 5 in Spellcasting
  5949 | D:6      | Reached XP level 8. HP: 31/41 MP: 11/16
  5958 | D:5      | HP: 3/61 [/static electricity (4)]
  6355 | D:6      | Reached skill level 8 in Air Magic
  6784 | D:6      | Learned a level 5 spell: Lightning Bolt
  6942 | D:6      | Found a sacrificial altar of Ru.
  6944 | D:6      | Found a bloodstained altar of Trog.
  6944 | D:6      | Found a blossoming altar of Fedhas.
  6946 | D:6      | Found a blossoming altar of Fedhas.
  6946 | D:6      | Found a shimmering altar of Xom.
  6946 | D:6      | Found a hazy altar of Hepliaklqana.
  7409 | D:7      | Found a shadowy altar of Dithmenos.
  7426 | D:7      | Reached skill level 9 in Air Magic
  7526 | D:7      | Noticed anet's ghost (novice MfWn)
  8063 | D:7      | Noticed Menkaure
  8073 | D:7      | Reached XP level 9. HP: 45/45 MP: 17/19
  8107 | D:7      | Killed Menkaure
  8355 | D:7      | Became a worshipper of Dithmenos the Shadowed
  8490 | D:7      | HP: 3/67 [bounced beam (8)]
  8502 | D:7      | Killed anet's ghost
  8502 | D:7      | Reached skill level 10 in Air Magic
  8807 | D:7      | Found a sparkling altar of Nemelex Xobeh.
  9226 | D:8      | Reached skill level 1 in Fighting
  9248 | D:8      | Noticed a two-headed ogre
  9547 | D:8      | Killed a two-headed ogre
  9547 | D:8      | Reached skill level 10 in Conjurations
  9547 | D:8      | Reached XP level 10. HP: 45/54 MP: 1/22
  9810 | D:8      | Reached skill level 11 in Air Magic
 10033 | D:8      | Found a staircase to the Lair.
 10079 | D:8      | Found Bevvak's Gadget Emporium.
 10144 | D:8      | Found a burning altar of Makhleb.
 10146 | D:8      | Noticed a cacodemon
 10150 | D:8      | Noticed an orange demon
 10150 | D:8      | Noticed an orange demon
 10633 | D:9      | Reached * piety under Dithmenos
 11238 | D:9      | Reached skill level 5 in Dodging
 11644 | D:9      | Found a glowing silver altar of Zin.
 11645 | D:9      | Found a stormy altar of Qazlal.
 11848 | D:10     | Entered Level 10 of the Dungeon
 12258 | D:10     | Noticed Qupu's ghost (novice MiFi)
 12405 | D:10     | Killed Qupu's ghost
 12405 | D:10     | Reached XP level 11. HP: 61/62 MP: 1/24
 12661 | D:10     | Found a portal to a secret trove of treasure.
 12885 | D:11     | Reached ** piety under Dithmenos
 12981 | D:11     | Reached skill level 12 in Air Magic
 13242 | D:11     | Got a warped trident
 13243 | D:11     | Identified the +8 trident "Cori" {flame, rC+ SInv} (You found it on level 11 of the Dungeon)
 13263 | D:11     | Noticed a red ugly thing
 13269 | D:11     | Killed a red ugly thing
 13443 | D:11     | Found Mosow's Antique Armour Boutique.
 13445 | D:11     | Noticed a white ugly thing
 13446 | D:11     | Noticed a red ugly thing
 13468 | D:11     | Killed a red ugly thing
 13468 | D:11     | Reached skill level 5 in Fighting
 14255 | D:12     | Reached *** piety under Dithmenos
 14504 | D:12     | Found a staircase to the Orcish Mines.
 14563 | D:12     | Noticed a two-headed ogre
 14565 | D:12     | Noticed an unseen horror
 14569 | D:12     | Killed a two-headed ogre
 14570 | D:12     | Killed an unseen horror
 14762 | D:12     | Noticed a cyclops
 14769 | D:12     | Killed a cyclops
 14945 | D:12     | Found Coqeowoh's Distillery.
 14951 | D:12     | Bought a potion of haste for 150 gold pieces
 15746 | D:12     | Reached XP level 12. HP: 68/70 MP: 10/26
 16065 | D:13     | Found a roughly hewn altar of Beogh.
 16068 | D:13     | Reached **** piety under Dithmenos
 16336 | D:11     | Reached skill level 13 in Air Magic
 16559 | D:4      | Got a brightly glowing war axe
 16561 | D:4      | Identified the +0 war axe of Ashenzari {flame, +Rage MR+ Str+7 Stlth-} (You found it on level 4 of the Dungeon)
 17719 | D:13     | Noticed Rupert
 17978 | Lair:1   | Entered Level 1 of the Lair of Beasts
 18109 | Lair:1   | Found a frozen archway.
 18119 | Lair:1   | Slain by a crocodile

Vault maps used:
D:1:      arrival_zaba_pyramid, minmay_hexomino_p4
D:2:      nicolae_overflow_hidden_temple
D:3:      first_bread
D:4:      grunt_temple_overflow_open, old_standard_altar, serial_undead,
          serial_undead_f, serial_undead_a, serial_undead_e, serial_undead_c
D:5:      kennysheep_mini, serial_shops, shop_statue, st_stairs_7
D:6:      doesnt_xom_only_xom, temple_fountains,
          hangedman_abyss_or_decor_stagger, kennysheep_generic_room_8
D:7:      nicolae_dithmenos_through_a_glass_darkly,
          nemelex_xobeh_ov_fountains_minmay, uniq_menkaure
D:8:      makhleb_altar_promises_db, lair_entry_dummy, serial_shops,
          nicolae_shop_statue_plus
D:9:      minitemple
D:10:     nicolae_trove_entry_crossroad
D:11:     serial_shops, nicolae_shop_trees
D:12:     hiddenorc2_lemuel, serial_shops, shop
D:13:     special_room, grunt_livestock, uniq_rupert
Temple:   corrupted_temple
Lair:1:   wad_woods_minihive, portal_ice_cave_entry_imps,
          nicolae_quartered_pool_super, serial_bayou_pond_b, minivault_27

Skill      XL: |  1  2  3  4  5  6  7  8  9 10 11 12 |
---------------+-------------------------------------+-----
Conjurations   | 2 3 4 5 6 8 10 11 12 | 12.7
Air Magic      | 5 6 7 9 10 11 12 13 | 13.2
Spellcasting   | 3 4 5 6 7 8 9 |  9.5
Fighting       | 2 4 6 |  6.8
Dodging        | 3 5 7 |  7.9
Stealth        | |  2.0

Action                   |  1- 3 |  4- 6 |  7- 9 | 10-12 || total
-------------------------+-------+-------+-------+-------++-------
Melee: Unarmed           |     8 |       |    11 |       ||    19
       Spear             |    10 |       |       |       ||    10
       Peck              |     3 |     2 |     2 |     3 ||    10
       Kick              |     5 |     4 |     1 |     7 ||    17
       Dagger            |    15 |    14 |    10 |    48 ||    87
       Staff             |       |       |       |     7 ||     7
 Cast: Shock             |    69 |   183 |   188 |   421 ||   861
       Airstrike         |       |       |    20 |    72 ||    92
       Static Discharge  |       |       |    13 |    13 ||    26
       Lightning Bolt    |       |       |     6 |    51 ||    57
 Abil: Fly               |       |       |     2 |     5 ||     7
Evoke: Lightning rod     |       |       |       |     8 ||     8
       Wand              |       |       |       |     4 ||     4
  Use: Scroll            |       |    16 |     5 |    10 ||    31
       Potion            |       |       |     7 |     3 ||    10
  Eat: Chunk             |     2 |     9 |     9 |    12 ||    32
       Royal jelly       |       |       |     3 |       ||     3
       Meat ration       |       |       |     1 |     6 ||     7
       Fruit             |       |       |     1 |       ||     1
       Bread ration      |       |       |       |     1 ||     1
Armor: Robe              |    12 |     7 |    22 |     4 ||    45
       Skin              |       |       |    20 |       ||    20
       Leather armour    |       |       |       |    43 ||    43
Dodge: Dodged            |    34 |    48 |    57 |   300 ||   439

Table legend:
 A = Spawn XP
 B = Non-spawn XP
 C = Spawn XP percentage of total XP
 D = Spawn monster count
 E = Non-spawn monster count
 F = Spawn count percentage of total count
 G = Total turns spent on level
                    A         B        C        D         E        F      G
               +---------+---------+-------+---------+---------+-------+---------
         Total |       0 |   23614 |   0.0 |       0 |     364 |   0.0 | 18119
               +---------+---------+-------+---------+---------+-------+---------
           D:1 |       0 |      35 |   0.0 |       0 |      17 |   0.0 |   769
           D:2 |       0 |     144 |   0.0 |       0 |      36 |   0.0 |  1303
           D:3 |       0 |     109 |   0.0 |       0 |      24 |   0.0 |  1209
           D:4 |       0 |     514 |   0.0 |       0 |      27 |   0.0 |  1345
           D:5 |       0 |     380 |   0.0 |       0 |      15 |   0.0 |  1550
           D:6 |       0 |     805 |   0.0 |       0 |      17 |   0.0 |  1600
           D:7 |       0 |    1655 |   0.0 |       0 |      15 |   0.0 |  1371
           D:8 |       0 |    1909 |   0.0 |       0 |      19 |   0.0 |  1370
           D:9 |       0 |    2804 |   0.0 |       0 |      42 |   0.0 |  1512
          D:10 |       0 |    1584 |   0.0 |       0 |      14 |   0.0 |  1296
          D:11 |       0 |    2697 |   0.0 |       0 |      19 |   0.0 |  1078
          D:12 |       0 |    6982 |   0.0 |       0 |      69 |   0.0 |  2529
          D:13 |       0 |    3117 |   0.0 |       0 |      36 |   0.0 |  1007
        Lair:1 |       0 |     879 |   0.0 |       0 |      14 |   0.0 |   141
               +---------+---------+-------+---------+---------+-------+---------
